 Dungeon Sprint DCSS version 0.18-a0-1562-gac8da35 (webtiles) character file.

20 pipel the Grave Robber (level 2, -4/22 HPs)
             Began as a Minotaur Necromancer on Mar 13, 2016.
             Was a Priest of Makhleb.
             Slain by an ogre
             ... wielding a +0 giant club
              (13 damage)
             ... while paralysed by a giant eyeball
             ... in the Dungeon (Sprint VII: "The Pits").
             The game lasted 00:01:28 (88 turns).

pipel the Grave Robber (Minotaur Necromancer)         Turns: 88, Time: 00:01:29

Health: -4/22      AC:  2    Str: 12    XL:     2   Next: 58%
Magic:  1/3        EV:  2    Int: 12    God:    Makhleb [***...]
Gold:   0          SH:  0    Dex: 10    Spells: 2 memorised, 2 levels left

rFire  . . .     SeeInvis .     j - +2 hand axe
rCold  . . .     Gourm    .     a - +0 robe
rNeg   . . .     Faith    .     (no shield)
rPois  .         Spirit   .     (helmet restricted)
rElec  .         Dismiss  .     (no cloak)
rCorr  .         Reflect  .     (no gloves)
SustAt .         Harm     .     (no boots)
MR     .....     NoTele   +     (no amulet)
Stlth  +.........               (no ring)
                                (no ring)

@: paralysed, not resistant to hostile enchantments, very unstealthy
A: retaliatory headbutt, horns 2
a: Minor Destruction, Lesser Servant of Makhleb, Renounce Religion


You were in the Dungeon.
You worshipped Makhleb.
Makhleb was most pleased with you.
You were not hungry.

You visited 1 branch

Inventory:

Hand Weapons
 j - a +2 hand axe (weapon)
Missiles
 n - 10 stones (quivered)
Armour
 a - a +0 robe (worn)
Magical Staves
 o - a cursed staff of energy
Scrolls
 i - a scroll of blinking
 p - 3 scrolls of remove curse
 q - 5 scrolls of amnesia
 r - a scroll of summoning
 s - 2 scrolls of vulnerability
Potions
 d - a potion of curing
 f - a potion of haste
 g - 4 potions of magic
 h - 3 potions of berserk rage
 m - 2 potions of invisibility
Books
 b - a book of Necromancy

   Spells                             Type                      Level
   a - Pain                           Necromancy                   1
   b - Animate Skeleton               Necromancy                   1
   c - Vampiric Draining              Necromancy                   3
   d - Regeneration                   Charms/Necromancy            3
   e - Animate Dead                   Necromancy                   4
   f - Control Undead                 Necromancy                   4
Comestibles
 c - 8 bread rations
 k - 40 fruits
 l - 7 meat rations
 t - 5 chunks of flesh


   Skills:
 + Level 0.8 Fighting
 + Level 0.5 Axes
 + Level 3.3 Dodging
 - Level 1.6 Stealth
 + Level 1.6 Spellcasting
 + Level 4.4 Necromancy


You had 2 spell levels left.
You knew the following spells:

 Your Spells              Type           Power        Failure   Level  Hunger
a - Pain                  Necr           ##..         6%          1    ##.....
b - Animate Skeleton      Necr           N/A          6%          1    ##.....


Dungeon Overview and Level Annotations

Branches:
Dungeon (1/1)

Altars:
Ashenzari
Cheibriados
Dithmenos
Elyvilon
Fedhas
Kikubaaqudgha
Makhleb
Nemelex Xobeh
Okawaru
Pakellas
Ru
Sif Muna
Trog
Vehumet
Xom
Yredelemnul
Zin
The Shining One
Beogh
Jiyva
Lugonu


Innate Abilities, Weirdness & Mutations

You reflexively headbutt those who attack you in melee.
You have a pair of horns on your head.


Message History

w - Wait here. f - Follow me.
Anything else - Stay silent.
You shout for attention!
A ball python comes into view.
You swap places.
A giant eyeball and an orc come into view.
The giant eyeball turns its gaze towards you.
The ball python misses you. The ball python grabs you.
The ball python constricts you.
There is an open door here.
You take 1 damage, and have 9/22 hp.
You hit the ball python.
You kill the ball python!
Makhleb accepts your kill. The giant eyeball gazes at you.
You suddenly lose the ability to move!
The giant eyeball moves out of view.
An ogre comes into view. It is wielding a giant club.
The ogre hits you with a giant club!
Ouch! That really hurt!
You die...

#######'#####........
#..........)'........
#+#####'#####......#.
#..#..# #........
#..††.# ####'####
#..#### #.......#
#..# #.......# #Z3#
#.......# ##@#
#...<...#
#..O.o...##.......#
#........##.......#
###########.......#
#########


You could see an ogre, an orc, a friendly ynoxinul and a friendly jackal
skeleton.

Vanquished Creatures
  A river rat (D)
  A giant cockroach (D)
  2 goblins (D)
  4 jackals (D)
  A ball python (D)
  A rat (D)
10 creatures vanquished.

Notes
Turn   | Place    | Note
--------------------------------------------------------------
     0 | D        | pipel the Minotaur Necromancer began the quest for the Orb.
     0 | D        | Reached XP level 1. HP: 14/14 MP: 1/1
    12 | D        | Reached skill level 3 in Necromancy
    26 | D        | Found a sacrificial altar of Ru.
    26 | D        | Found a basalt altar of Yredelemnul.
    26 | D        | Found a glowing golden altar of the Shining One.
    26 | D        | Found a deep blue altar of Sif Muna.
    26 | D        | Found a burning altar of Makhleb.
    26 | D        | Found an ancient bone altar of Kikubaaqudgha.
    26 | D        | Found a glowing silver altar of Zin.
    27 | D        | Found a shadowy altar of Dithmenos.
    27 | D        | Found a bloodstained altar of Trog.
    27 | D        | Found a shattered altar of Ashenzari.
    27 | D        | Found a white marble altar of Elyvilon.
    27 | D        | Found a snail-covered altar of Cheibriados.
    27 | D        | Found a blossoming altar of Fedhas.
    27 | D        | Found a radiant altar of Vehumet.
    27 | D        | Found a shimmering altar of Xom.
    27 | D        | Found a sparkling altar of Nemelex Xobeh.
    27 | D        | Found a corrupted altar of Lugonu.
    27 | D        | Found a viscous altar of Jiyva.
    27 | D        | Found a roughly hewn altar of Beogh.
    27 | D        | Found an iron altar of Okawaru.
    28 | D        | Found an oddly glowing altar of Pakellas.
    30 | D        | Became a worshipper of Makhleb the Destroyer
    51 | D        | Reached * piety under Makhleb
    58 | D        | Learned a level 1 spell: Animate Skeleton
    69 | D        | Reached ** piety under Makhleb
    69 | D        | Reached skill level 4 in Necromancy
    69 | D        | Reached XP level 2. HP: 16/22 MP: 1/3
    74 | D        | Reached *** piety under Makhleb
    87 | D        | Paralysed by a giant eyeball for 3 turns
    88 | D        | Noticed an ogre
    88 | D        | Slain by an ogre

Vault maps used:
D:        pitsprint

Skill      XL: |  1 |
---------------+----+-----
Necromancy     | 4 |  4.4
Dodging        | 3 |  3.3
Fighting       | |  0.8
Axes           | |  0.5
Stealth        | |  1.6
Spellcasting   | |  1.6

Action                   || total
-------------------------++-------
Melee: Hand axe          ||    19
       Unarmed           ||     2
 Cast: Pain              ||     1
       Animate Skeleton  ||     1
Invok: Lesser Servant of ||     1
  Use: Potion            ||     1
